 Dungeon Crawl Stone Soup version 0.25.1-2-g60ff931df9 (webtiles) character file.

Game seed: 4488006922127415798

13559 hawla the Cleaver (level 11, -2/98 (99) HPs)
             Began as a Minotaur Berserker on Oct 1, 2020.
             Was a High Priest of Trog.
             Slain by a death ooze (15 damage)
             ... in a Gauntlet.
             The game lasted 00:45:28 (13425 turns).

hawla the Cleaver (Minotaur Berserker)             Turns: 13425, Time: 00:45:28

HP:   -2/98 (99)    AC: 13    Str: 25    XL:     11   Next: 77%
MP:   3/10          EV: 16    Int:  4    God:    Trog [*****.]
Gold: 354           SH:  0    Dex: 16    Spells: 10/10 levels left

rFire    . . .     SeeInvis +   G - +3 executioner's axe
rCold    . . .     Gourm    .   (shield currently unavailable)
rNeg     . . .     Faith    +   g - +1 ring mail {rPois}
rPois    +         Spirit   .   (helmet restricted)
rElec    .         Reflect  .   (no cloak)
rCorr    .         Harm     .   f - +0 pair of gloves
MR       .....     NoTele   +   H - +0 pair of boots
Stlth    +.........             x - amulet of faith
HPRegen  0.26/turn              S - +6 ring of dexterity
MPRegen  0.12/turn              P - ring of see invisible

@: no status effects
A: retaliatory headbutt, horns 2, talons 1, molten scales 1, deterioration 1
a: Berserk, Trog's Hand, Brothers in Arms, Renounce Religion


You were in a Gauntlet.
You worshipped Trog.
Trog was extremely pleased with you.
You were not hungry.

You visited 2 branches of the dungeon, and saw 12 of its levels.
You also visited: Ossuary and Gauntlet.

You collected 868 gold pieces.
You spent 514 gold pieces at shops.

Inventory:

Hand Weapons
 e - a +0 lajatang
 n - the +3 falchion "Ultimatum" {antimagic, Str+6}
   (You found it in a Gauntlet)

   It reduces the magical energy of the wielder, and disrupts the spells and
   magical abilities of those hit.
   Natural abilities and divine invocations are not affected.
   It affects your strength (+6).
 t - a +0 vampiric demon whip
 G - a +3 executioner's axe (weapon)
Missiles
 a - 6 javelins
 b - 11 curare-tipped darts
 p - 72 poisoned darts (quivered)
 z - 36 boomerangs
Armour
 f - a +0 pair of gloves (worn)
 g - a +1 ring mail of poison resistance (worn)
 H - a +0 pair of boots (worn)
Jewellery
 h - an uncursed ring of protection from fire
 i - an uncursed ring of protection from cold
 x - an amulet of faith (around neck)
 E - an uncursed ring of positive energy
 P - a ring of see invisible (right hand)
 Q - an uncursed ring of protection from fire
 S - a +6 ring of dexterity (left hand)
 T - an uncursed ring of positive energy
Wands
 q - a wand of paralysis (7)
 v - a wand of flame (27)
 w - a wand of iceblast (8)
 y - a wand of clouds (5)
 W - a wand of digging (4)
Scrolls
 d - a scroll of identify
 l - 4 scrolls of teleportation
 o - 4 scrolls of immolation
 s - a scroll of fear
 u - 4 scrolls of fog
 M - 2 scrolls of remove curse
Potions
 j - 2 potions of magic
 k - 5 potions of curing
 m - 2 potions of heal wounds
 r - a potion of berserk rage
 A - a potion of cancellation
 F - 5 potions of flight
 I - 3 potions of might
 J - a potion of invisibility
 K - 3 potions of stabbing
 L - a potion of haste
Miscellaneous
 N - a lightning rod (4/4)
 O - a lightning rod (4/4)
 R - a phial of floods
Comestibles
 c - 12 rations


   Skills:
 + Level 9.7 Fighting
 + Level 12.0(12.8) Axes
 + Level 7.7(11.7) Maces & Flails
 + Level 7.4(8.9) Staves
 + Level 4.1 Throwing
 + Level 10.4 Armour
 + Level 7.4 Dodging


You had 10 spell levels left.
You didn't know any spells.
Your spell library was empty.

Dungeon Overview and Level Annotations

Branches:
Dungeon (11/15)            Temple (1/1) D:6            Lair (0/6) D:9
    Orc (0/2) D:9         Ossuary (visited)         Gauntlet (1/1)

Altars:
Cheibriados
Dithmenos
Elyvilon
Hepliaklqana
Kikubaaqudgha
Makhleb
Nemelex Xobeh
Okawaru
Qazlal
Ru
Uskayaw
Vehumet
Wu Jian
Yredelemnul
Zin
Beogh

Shops:
D:5 (*   D:7 *   D:10 [

Annotations:
Gauntlet 9 transporters


Innate Abilities, Weirdness & Mutations

You reflexively headbutt those who attack you in melee.
You have a pair of horns on your head.
You have sharp toenails.
You are partially covered in molten scales. (AC +2)
Your body sometimes deteriorates upon taking damage.


Message History

The death ooze barely misses you.
You slash the large slime creature! You headbutt the large slime creature.
The large slime creature is heavily wounded.
You barely miss the death ooze. You completely miss the slime creature.
The large slime creature hits you but does no damage.
The slime creature hits you! The death ooze barely misses you.
The death ooze hits you!
Unknown command.
You hit the large slime creature. You headbutt the large slime creature.
The large slime creature is severely wounded.
You slash the slime creature! You hit the death ooze.
The large slime creature hits you. The death ooze barely misses you.
You furiously retaliate!
You headbutt the death ooze, but do no damage.
The death ooze hits you.
The slime creature hits you but does no damage.
The large slime creature hits you!!
* * * LOW HITPOINT WARNING * * *
The death ooze hits you!
You die...

..........≈.............§§.......
∩........≈8≈...........§8≈.......
..........≈.............≈§.......
#########...###########...#######
........#...#.......JJ#...###P.##
..###...#...#.##...##.#...#.#.P#.
...#....#####..##.##.|#####.##.#P
#..#..#.#...#..J#.#..?#...##.#.©#
######.©#©.©#..J@©#..©#©.©###.#P#
#†©#..#.#...#..J#.#..[#...#..P.##
.††#...[#####..##.##..######.#.#.
..###...#...#.##...##.#...#.#.P..
........#.8.#.........#.8.#. #.#
#########...######### ..
...................... .
.......................
###############


You could see a large slime creature, a slime creature and a death ooze.

Vanquished Creatures
  3 two-headed ogres
  A queen ant (Gauntlet)
  The ghost of hawla the Cudgeler, a novice HOMo (D:7)
  Maurice (D:8)
  A centaur skeleton (D:10)
  A kobold demonologist (D:9)
  A komodo dragon (D:11)
  A yaktaur (D:7)
  A queen bee (shapeshifter) (D:9)
  A troll (D:6)
  A hornet (D:9)
  Grinder (D:3)
  3 hippogriffs
  Grum (D:8)
  A wraith (D:7)
  2 hungry ghosts
  6 soldier ants (Gauntlet)
  6 water moccasins
  A hell hound (D:10)
  2 porcupines (D:9)
  8 orc warriors
  3 sky beasts
  A black bear (D:9)
  5 ogres
  3 wolves
  3 centaurs
  2 crocodiles
  A big kobold (D:11)
  8 bullfrogs
  2 scorpions
  8 wights
  5 howler monkeys
  A bullfrog zombie (D:7)
  7 crimson imps
  2 centaur zombies
  6 orc priests
  2 bullfrog skeletons
  A gnoll shaman (D:6)
  4 hounds
  4 jellies
  8 orc wizards
  7 iguanas
  11 worker ants
  A big kobold zombie (Ossuary)
  A hound skeleton (D:5)
  A howler monkey zombie (D:7)
  8 mummies (Ossuary)
  2 worker ant zombies
  8 gnolls
  8 adders
  2 oozes (D:3)
  An adder skeleton (D:5)
  3 worms
  2 dart slugs
  12 leopard geckos
  50 orcs
  4 giant cockroaches
  9 goblins
  5 hobgoblins
  5 jackals
  12 kobolds
  4 quokkas
  A ball python (D:2)
  9 bats
  4 frilled lizards
  2 hobgoblin zombies (Ossuary)
  2 jackal zombies
  4 kobold zombies (Ossuary)
  An orc zombie (Ossuary)
  5 rats
  A fungus (D:9)
  A plant (D:9)
306 creatures vanquished.

Vanquished Creatures (collateral kills)
  An orc wizard (D:6)
  A centaur skeleton (D:9)
2 creatures vanquished.

Vanquished Creatures (others)
  4 demonic plants (Gauntlet)
  9 fungi (Gauntlet)
  16 plants (Gauntlet)
  14 withered plants (Gauntlet)
43 creatures vanquished.

Grand Total: 351 creatures vanquished

Notes
Turn   | Place    | Note
-------+----------+-------------------------------------------
     0 | D:1      | hawla the Minotaur Berserker began the quest for the Orb.
     0 | D:1      | Reached XP level 1. HP: 19/19 MP: 0/0
   223 | D:1      | Reached XP level 2. HP: 26/27 MP: 1/1
   641 | D:2      | Gained mutation: Your body sometimes deteriorates upon
                  | taking damage. [potion of mutation]
   641 | D:2      | Gained mutation: You are partially covered in molten
                  | scales. (AC +2) [potion of mutation]
   641 | D:2      | Gained mutation: You have sharp toenails. [potion of
                  | mutation]
   659 | D:2      | Reached XP level 3. HP: 32/33 MP: 2/2
  1205 | D:2      | Reached ** piety under Trog
  1213 | D:2      | Reached XP level 4. HP: 41/41 MP: 3/3
  1916 | D:3      | HP: 3/61 [poisoned by kobold (curare-tipped dart)]
  1948 | D:3      | Reached skill level 5 in Maces & Flails
  2202 | D:3      | Reached XP level 5. HP: 47/47 MP: 4/4
  2603 | D:3      | Noticed Grinder
  2626 | D:3      | Killed Grinder
  2626 | D:3      | Reached skill level 5 in Fighting
  2626 | D:3      | Reached skill level 1 in Axes
  2626 | D:3      | Reached XP level 6. HP: 24/56 MP: 5/5
  3216 | D:4      | Reached skill level 2 in Axes
  3261 | D:4      | Found a sand-covered staircase.
  3282 | Ossuary  | Entered an ossuary
  3307 | Ossuary  | Reached XP level 7. HP: 61/61 MP: 6/6
  3310 | Ossuary  | Reached skill level 5 in Dodging
  3334 | Ossuary  | Reached *** piety under Trog
  3690 | D:4      | Found a hazy altar of Hepliaklqana.
  3833 | D:4      | Found a radiant altar of Vehumet.
  4167 | D:4      | Reached skill level 3 in Axes
  4167 | D:4      | Reached skill level 1 in Throwing
  4542 | D:5      | Entered Level 5 of the Dungeon
  4631 | D:5      | Found Dibbycou's Antique Weapon Boutique.
  4655 | D:5      | Bought a lajatang for 345 gold pieces
  4846 | D:5      | Found a white marble altar of Elyvilon.
  4874 | D:5      | Reached skill level 4 in Axes
  5054 | D:5      | Reached XP level 8. HP: 70/70 MP: 7/7
  5104 | D:5      | Reached **** piety under Trog
  5114 | D:5      | Found Sylig's Serpentskin Sales.
  5120 | D:5      | Reached skill level 5 in Armour
  5124 | D:5      | Reached skill level 5 in Axes
  5457 | D:6      | Found an iron altar of Okawaru.
  5634 | D:6      | Noticed a troll
  5646 | D:6      | Killed a troll
  5646 | D:6      | Reached skill level 6 in Axes
  5825 | D:6      | Found a staircase to the Ecumenical Temple.
  6175 | D:6      | Reached XP level 9. HP: 32/78 MP: 8/8
  6476 | D:6      | Got a serpentine jade amulet
  6479 | D:6      | Identified the amulet of Herats {RegenMP +Inv rN+ Int+2}
                  | (You found it on level 6 of the Dungeon)
  6562 | Temple   | Entered the Ecumenical Temple
  6615 | D:6      | Reached skill level 7 in Axes
  7062 | D:7      | Found a transporter.
  7063 | D:7      | Found a transporter.
  7063 | D:7      | Noticed a yaktaur
  7068 | D:7      | Found a shadowy altar of Dithmenos.
  7238 | D:7      | Reached skill level 1 in Staves
  7464 | D:7      | Reached skill level 8 in Axes
  7560 | D:7      | Found a runed translucent gate.
  7561 | D:7      | Found a runed translucent gate.
  7561 | D:7      | Identified the +7 chain mail of Catatonia {rF+ rC+}
  7561 | D:7      | Noticed hawla's ghost (novice HOMo)
  7582 | D:7      | Found a runed translucent gate.
  7585 | D:7      | Found a roughly hewn altar of Beogh.
  7699 | D:7      | Found Uryceme's General Store.
  7702 | D:7      | Bought a +1 ring mail of poison resistance for 169 gold
                  | pieces
  7802 | D:7      | Killed hawla's ghost
  7802 | D:7      | Reached skill level 5 in Staves
  8085 | D:7      | Got a transparent hat
  8091 | D:7      | Identified the cursed -4 hat of Furots {Str+3} (You found
                  | it on level 7 of the Dungeon)
  8355 | D:8      | Reached XP level 10. HP: 75/86 MP: 9/9
  8378 | D:8      | Noticed Grum
  8383 | D:8      | Noticed a two-headed ogre
  8387 | D:8      | Noticed Maurice
  8728 | D:8      | Killed Grum
  8765 | D:8      | Reached ***** piety under Trog
  9167 | D:8      | Killed Maurice
  9174 | D:8      | Killed a two-headed ogre
 10292 | D:9      | Found a staircase to the Orcish Mines.
 10324 | D:9      | Reached skill level 9 in Axes
 10624 | D:9      | Reached XP level 11. HP: 74/95 MP: 10/10
 10862 | D:9      | Reached skill level 10 in Axes
 10869 | D:9      | Received a gift from Trog
 10882 | D:9      | Found the +5 scythe "Finisher" {speed, eviscerate}
 11128 | D:9      | Reached skill level 10 in Armour
 11297 | D:9      | Found a staircase to the Lair.
 11468 | D:10     | Entered Level 10 of the Dungeon
 11857 | D:10     | Found Egaxtoah's Antique Armour Boutique.
 11945 | D:10     | Noticed a two-headed ogre
 11957 | D:10     | Killed a two-headed ogre
 12371 | D:7      | Reached skill level 11 in Axes
 12645 | D:11     | Noticed a two-headed ogre
 12655 | D:11     | Killed a two-headed ogre
 12711 | D:11     | Found a gate leading to a gauntlet.
 12723 | Gauntlet | Entered a Gauntlet
 12723 | Gauntlet | Found a transporter.
 12723 | Gauntlet | Found a transporter.
 12723 | Gauntlet | Found a transporter.
 12723 | Gauntlet | Noticed a queen ant
 12724 | Gauntlet | Found a transporter.
 12727 | Gauntlet | Found a transporter.
 12727 | Gauntlet | Found a transporter.
 12738 | Gauntlet | Noticed a sixfirhy
 12741 | Gauntlet | Found a transporter.
 12741 | Gauntlet | Found a transporter.
 12742 | Gauntlet | Found a transporter.
 12742 | Gauntlet | Found a transporter.
 12746 | Gauntlet | Noticed a death ooze
 12885 | Gauntlet | Found a transporter.
 12903 | Gauntlet | Found a transporter.
 12926 | Gauntlet | Noticed a sixfirhy
 12989 | Gauntlet | Killed a queen ant
 12995 | Gauntlet | Reached skill level 12 in Axes
 13052 | Gauntlet | Got a transparent falchion
 13053 | Gauntlet | Identified the cursed +3 falchion "Ultimatum" {antimagic,
                  | Str+6} (You found it in a Gauntlet)
 13425 | Gauntlet | Slain by a death ooze

Illustrated notes

Levels and vault maps discovered:
D:1:      lemuel_arrival_cross, layout_basic
D:2:      layout_loops_ring
D:3:      layout_loops_corners, first_ration, uniq_grinder
D:4:      layout_gridville, vehumet_altar_wand_db, old_standard_altar,
          enter_ossuary_2
D:5:      layout_rooms, kennysheep_mini, serial_shops, shop, guppyfry_shop_venom
D:6:      layout_loops_ring, minmay_temple_entry_statues_fountains,
          okawaru_metal_pillars_3
D:7:      layout_loops_cross, gammafunk_temple_overflow_arena,
          biasface_ghost_orc_armoury, serial_shops, shop
D:8:      layout_rooms, uniq_grum, uniq_maurice
D:9:      minmay_the_grid_octo_triangle [minmay_the_grid_octo_clover,
          minmay_the_grid_octo_prize_ultimate_mussel_roller,
          minmay_the_grid_octo_pinwheel], layout_cross,
          grunt_lair_entry_orc_guard_hut, hiddenorc1_lemuel, serial_glass,
          glass_columns_c, glass_columns_a
D:10:     layout_loops_cross, serial_shops, shop, minmay_rotating_lava
D:11:     layout_basic, gauntlet_entry_generic
Temple:   compressed_dpeg_circular_temple
Gauntlet: gammafunk_gauntlet_hard_choice [nicolae_gauntlet_arena_t_cross,
          gammafunk_gauntlet_arena_hedges, gammafunk_gauntlet_arena_split_x,
          nicolae_gauntlet_arena_grate_2, gammafunk_gauntlet_arena_mazey,
          gammafunk_gauntlet_arena_arrow_garden, gauntlet_exit_hidden_loot]

Skill      XL: |  1  2  3  4  5  6  7  8  9 10 11 |
---------------+----------------------------------+-----
Maces & Flails | 4 5 6 7 |  7.7
Fighting       | 4 5 6 7 8 9 |  9.7
Dodging        | 3 4 5 6 7 |  7.4
Armour         | 3 4 7 8 9 10 | 10.4
Axes           | 1 2 4 6 8 9 12 | 12.0
Throwing       | 1 3 4 |  4.1
Staves         | 5 7 |  7.4

Action                   |  1- 3 |  4- 6 |  7- 9 | 10-12 || total
-------------------------+-------+-------+-------+-------++-------
Melee: Mace              |    55 |    82 |       |    22 ||   159
       Headbutt          |     7 |    25 |    64 |    47 ||   143
       Kick              |     4 |    15 |   100 |    25 ||   144
       Hand axe          |       |    34 |    72 |       ||   106
       War axe           |       |       |   149 |    97 ||   246
       Lajatang          |       |       |    87 |       ||    87
       Quarterstaff      |       |       |     4 |    21 ||    25
       Demon whip        |       |       |       |    31 ||    31
       Dire flail        |       |       |       |     4 ||     4
       Executioner's axe |       |       |       |    86 ||    86
Throw: Dart              |       |     9 |     5 |    24 ||    38
       Boomerang         |       |       |     3 |    23 ||    26
Invok: Trog's Hand       |       |     2 |     2 |     2 ||     6
       Berserk           |       |       |     2 |     1 ||     3
       Brothers in Arms  |       |       |     1 |     1 ||     2
  Use: Scroll            |     3 |     6 |     6 |    20 ||    35
       Potion            |     1 |     2 |     1 |     1 ||     5
 Stab: Sleeping          |     1 |       |       |       ||     1
  Eat: Chunk             |     1 |     7 |     8 |    11 ||    27
       Ration            |       |       |     4 |     3 ||     7
Armor: Animal skin       |    16 |     2 |       |       ||    18
       Skin              |       |    24 |    17 |       ||    41
       Leather armour    |       |    23 |       |       ||    23
       Ring mail         |       |     7 |    18 |   112 ||   137
       Scale mail        |       |       |    36 |       ||    36
       Chain mail        |       |       |    78 |       ||    78
Dodge: Dodged            |    44 |    67 |   187 |   266 ||   564
